Map: [ESL] Amphion

Players

Stats

  • Race: Protoss Protoss
  • Spawn Location: 11:00

SHIN - Winner!

  • Race: Zerg Zerg
  • Spawn Location: 7:00

Event: ESL Spring 2024 Finals

VOD

Have the link to the VOD?

Description

Time

  • Played on: May 31, 2024, 2:55 p.m.
  • Length: 9:54

All games in this series

Show
View Real Time Build Order
Export as new Build Order

Stats Protoss 

Build Orders: 1 Gate Expand, Oracle Opening 

Get SALT Encoding   

  12  0:00  Probe  
  13  0:15  Pylon  
  13  0:18  Probe (Chrono Boost)  
  14  0:27  Probe (Chrono Boost)  
  15  0:32  Probe  
  16  0:43  Gateway  
  16  0:45  Probe  
  16  0:49  Assimilator  
  17  0:57  Probe  
  18  1:09  Probe  
  19  1:21  Probe  
  20  1:28  Nexus  
  20  1:37  Cybernetics Core  
  20  1:41  Probe  
  20  1:47  Assimilator  
  21  1:53  Probe  
  22  1:57  Pylon  
  22  2:05  Probe (Chrono Boost)  
  23  2:15  Adept  
  23  2:17  Probe (Chrono Boost)  
  23  2:21  Stargate  
  26  2:25  Probe (Chrono Boost)  
  26  2:29  Warp Gate  
  27  2:33  Probe (Chrono Boost)  
  28  2:40  Probe (Chrono Boost)  
  30  2:45  Adept  
  30  2:49  Probe x2 (Chrono Boost)  
  33  2:54  Probe (Chrono Boost)  
  33  2:56  Probe  
  35  3:02  Oracle (Chrono Boost)  
  38  3:08  Probe x2  
  38  3:10  Pylon  
  40  3:15  Adept  
  42  3:20  Probe x2  
  44  3:27  Gateway  
  44  3:32  Oracle (Chrono Boost), Probe x2  
  49  3:52  Nexus  
  49  3:55  Pylon  
  49  3:56  Probe x2  
  49  3:59  Oracle (Chrono Boost)  
  54  4:08  Assimilator  
  54  4:10  Assimilator  
  54  4:13  Probe x2  
  54  4:14  Pylon  
  56  4:25  Probe x2  
  58  4:33  Adept x2  
  58  4:37  Probe x2  
  61  4:41  Forge  
  61  4:44  Twilight Council  
  61  4:49  Probe x2  
  61  4:50  Gateway  
  61  4:51  Gateway  
  63  4:56  Adept  
  63  4:57  Adept  
  67  5:03  Probe x2 (Chrono Boost)  
  69  5:13  Probe (Chrono Boost)  
  69  5:14  Protoss Ground Weapons Level 1  
  68  5:15  Probe x2 (Chrono Boost)  
  64  5:22  Stalker x2  
  64  5:24  Probe x3 (Chrono Boost)  
  71  5:32  Probe x3  
  74  5:37  Blink  
  74  5:44  Probe x3  
  74  5:45  Shield Battery  
  74  5:48  Templar Archives  
  77  5:51  Pylon  
  77  5:53  Stalker x3  
  77  5:55  Stalker  
  85  6:05  Pylon  
  85  6:09  Probe x3  
  88  6:15  Assimilator  
  88  6:16  Assimilator, Void Ray (Chrono Boost)  
  88  6:18  Robotics Facility  
  92  6:21  Probe  
  92  6:23  Probe x2  
  92  6:24  Gateway, Pylon  
  95  6:30  Gateway  
  95  6:32  Stalker x2  
  99  6:37  Psionic Storm  
  99  6:40  Stalker  
  99  6:42  Photon Cannon  
  99  6:44  Pylon  
  99  6:45  Stalker  
  103  6:53  Pylon  
  103  6:59  Zealot, High Templar  
  107  7:01  Pylon  
  107  7:08  Pylon  
  107  7:10  Pylon  
  107  7:17  High Templar x2  
  107  7:22  Stalker x2  
  115  7:26  Gateway  
  115  7:27  Gateway  
  114  7:39  Nexus  
  114  7:40  Pylon  
  114  7:46  Charge  
  114  7:50  Nexus  
  113  7:54  High Templar  
  115  8:04  Stalker x2  
  115  8:05  Stalker, Zealot x2  
  125  8:17  Shield Battery  
  125  8:18  Shield Battery  
  125  8:22  Pylon  
  125  8:26  Stalker x3, Sentry  
  129  8:27  Zealot  
  129  8:34  Zealot x3  
  121  8:48  Shield Battery  
  121  8:49  Photon Cannon  
  121  8:50  Nexus  
  121  8:54  Photon Cannon  
  119  8:56  Photon Cannon  
  113  9:18  Nexus  
  113  9:24  Stalker x3  
  113  9:25  Stalker x3  
  119  9:35  Stalker  
  119  9:36  Stalker  
  119  9:41  Probe x2  
Show
View Real Time Build Order
Export as new Build Order

SHIN Zerg - Winner!

Build Orders: Hatch First, Swarm Host 

Get SALT Encoding   

  12  0:00  Drone  
  13  0:08  Drone  
  14  0:17  Overlord  
  14  0:40  Hatchery  
  13  0:44  Drone  
  13  0:49  Drone  
  15  0:53  Drone  
  16  0:57  Drone  
  17  1:07  Drone  
  17  1:08  Extractor  
  17  1:19  Spawning Pool  
  17  1:22  Drone  
  17  1:28  Drone  
  18  1:38  Drone  
  19  1:49  Drone  
  19  1:52  Drone  
  21  2:00  Drone  
  22  2:06  Queen x2  
  22  2:07  Zergling x2  
  27  2:11  Overlord  
  27  2:15  Drone  
  28  2:21  Metabolic Boost  
  28  2:31  Zergling x2  
  28  2:32  Drone x2  
  28  2:35  Drone  
  32  2:47  Drone x2  
  34  2:51  Hatchery  
  34  2:57  Queen  
  35  3:02  Overlord  
  35  3:04  Drone  
  36  3:19  Queen  
  36  3:21  Drone x4, Zergling x2  
  36  3:22  Drone  
  36  3:25  Overlord  
  44  3:31  Spore Crawler, Drone  
  44  3:36  Overlord  
  44  3:43  Queen  
  44  3:44  Zergling x4  
  44  3:45  Drone  
  49  3:50  Drone x2  
  49  3:53  Spore Crawler  
  49  3:54  Drone  
  49  3:55  Drone  
  52  3:58  Queen  
  52  4:01  Drone  
  55  4:03  Drone  
  55  4:04  Drone  
  55  4:06  Drone  
  55  4:09  Overlord  
  58  4:12  Drone  
  58  4:15  Zergling x4  
  61  4:17  Drone x2  
  61  4:19  Drone  
  61  4:20  Drone  
  64  4:25  Drone x2  
  64  4:28  Drone x2  
  68  4:35  Zergling x4  
  68  4:37  Roach Warren, Drone  
  70  4:39  Drone  
  70  4:42  Drone x2  
  70  4:43  Extractor  
  70  4:45  Extractor  
  71  4:46  Zergling x2  
  71  4:48  Lair  
  71  4:51  Drone x2  
  74  4:56  Overlord  
  74  5:00  Drone, Extractor  
  74  5:04  Overlord  
  74  5:06  Overlord  
  74  5:13  Drone x3  
  73  5:16  Drone x7  
  73  5:18  Extractor  
  73  5:19  Extractor  
  73  5:24  Zergling x2  
  75  5:28  Zergling x4  
  75  5:32  Drone x3, Zergling x4  
  75  5:33  Drone  
  82  5:36  Drone  
  82  5:37  Drone x2  
  82  5:40  Drone x2  
  87  5:44  Drone  
  87  5:46  Hatchery  
  87  5:47  Overseer, Infestation Pit  
  86  5:51  Zergling x2  
  86  5:52  Roach Warren, Zergling x2, Glial Reconstitution  
  86  5:54  Evolution Chamber  
  87  5:59  Zergling x2  
  87  6:00  Overlord x2  
  87  6:01  Zergling x10  
  93  6:07  Drone  
  93  6:08  Overlord  
  92  6:12  Overlord  
  92  6:13  Overlord x2  
  92  6:21  Zerg Missile Weapons Level 1  
  92  6:25  Overlord  
  92  6:26  Swarm Host x2  
  92  6:28  Swarm Host x3  
  107  6:33  Swarm Host x3  
  107  6:35  Swarm Host  
  107  6:38  Swarm Host  
  122  6:43  Drone  
  122  6:45  Nydus Network  
  122  6:46  Overlord  
  121  6:58  Overlord  
  121  6:59  Roach x4  
  121  7:00  Roach x3  
  134  7:04  Drone x5  
  139  7:13  Drone x3  
  139  7:15  Roach x3  
  139  7:18  Overlord  
  139  7:21  Drone x2  
  139  7:22  Drone x2  
  149  7:30  Roach x4  
  149  7:33  Overlord  
  145  7:39  Swarm Host x2  
  145  7:42  Nydus Canal  
  145  7:43  Roach x3  
  157  7:47  Drone  
  157  7:48  Drone x2  
  157  7:49  Extractor  
  157  7:50  Extractor  
  157  7:51  Hydralisk Den  
  157  7:52  Roach x2  
  157  7:53  Overlord  
  157  7:55  Drone x2  
  162  8:07  Roach x6  
  162  8:10  Drone  
  175  8:20  Overlord  
  175  8:22  Nydus Canal  
  175  8:23  Drone, Overlord  
  175  8:26  Grooved Spines  
  175  8:33  Drone x4  
  178  8:34  Overlord  
  178  8:40  Hydralisk x8  
  182  8:47  Hydralisk x3  
  185  8:53  Hydralisk  
  185  8:55  Overlord  
  183  9:02  Nydus Canal  
  183  9:10  Lurker Den  
  183  9:11  Drone, Hydralisk  
  183  9:12  Hydralisk x3  
  189  9:22  Drone x2  
  191  9:24  Hydralisk x2  
  191  9:25  Hatchery  
  186  9:44  Nydus Canal  
Tags
 
Add a new tag
Caveats
  • Supply blocks, unpowered buildings, or Contaminate may cause inaccurate times.
  • Supply counts are checked every 10 seconds.